 Dungeon Crawl Stone Soup version 0.28-b1-25-g9875b3fc8c (webtiles) character file.

Game seed: 4290574190168045281

65 cayde69 the Shield-Bearer (level 4, 0/29 HPs)
             Began as a Gargoyle Fighter on Feb 2, 2022.
             Was a Follower of Elyvilon.
             Slain by an endoplasm (1 damage)
             ... on level 2 of the Dungeon.
             The game lasted 00:02:27 (1885 turns).

cayde69 the Shield-Bearer (Gargoyle Fighter)        Turns: 1885, Time: 00:02:28

Health: 0/29       AC: 10    Str: 21    XL:     4   Next: 14%
Magic:  4/4        EV:  9    Int:  9    God:    Elyvilon [*.....]
Gold:   67         SH:  4    Dex:  9    Spells: 3/3 levels left

rFire   . . .      SeeInvis .   a - +0 flail
rCold   . . .      Faith    .   c - +0 buckler
rNeg    + . .      Spirit   .   b - +0 scale mail
rPois   ∞          Reflect  .   (no helmet)
rElec   +          Harm     .   (no cloak)
rCorr   .          Rampage  .   (no gloves)
Will    .....                   (no boots)
Stlth   ..........              (no amulet)
HPRegen 0.09/turn               (no ring)
MPRegen 0.09/turn               (no ring)

@: no status effects
A: sickness immunity, AC +3, negative energy resistance 1, electricity
resistance, torment resistance 1, petrification resistance
a: Renounce Religion, Purification


You were on level 2 of the Dungeon.
You worshipped Elyvilon.
Elyvilon was aware of your devotion.
You visited 1 branch of the dungeon, and saw 2 of its levels.

You collected 67 gold pieces.

Inventory:

Hand Weapons
 a - a +0 flail (weapon)
Armour
 b - a +0 scale mail (worn)
 c - a +0 buckler (worn)
Scrolls
 e - a scroll of teleportation {unknown}
 g - a scroll of blinking {unknown}
 i - 2 scrolls of identify {unknown}
Potions
 f - a potion of heal wounds {unknown}
 h - a potion of haste {unknown}
 j - a potion of cancellation {unknown}


   Skills:
 + Level 3.6 Fighting
 + Level 2.7 Maces & Flails
 + Level 3.9 Armour
 + Level 0.5 Dodging
 + Level 3.9 Shields


You had 3 spell levels left.
You didn't know any spells.
Your spell library contained the following spells:

 Spells                   Type           Power      Damage    Failure   Level
 Slow                     Hex            0%         N/A       80%         1
 Confusing Touch          Hex            0%         N/A       99%         3
 Vampiric Draining        Necr           0%         2d6       99%         3


Dungeon Overview and Level Annotations

Branches:
Dungeon (2/15)

Altars:
Elyvilon


Innate Abilities, Weirdness & Mutations

You are immune to sickness and miasma.
Your stone body is resilient. (AC +3)
You are immune to poison.
You resist negative energy. (rN+)
You are resistant to electric shocks. (rElec)
You are resistant to unholy torment.
You are immune to petrification.


Message History

Found two stone staircases leading down.
The endoplasm quivers.
An adder comes into view.
Found an escape hatch in the floor.
The adder misses you.
You miss the adder. The adder closely misses you. The endoplasm hits you.
You block the adder's attack.
You hit the adder but do no damage. You block the endoplasm's attack.
You block the adder's attack.
The endoplasm hits you but does no damage.
You barely miss the adder. The adder bites you.
The endoplasm hits you but does no damage.
The adder bites you.
You closely miss the adder. The adder barely misses you.
The endoplasm hits you. The adder bites you but does no damage.
You miss the adder. The endoplasm freezes you.
You are frozen.
The adder bites you but does no damage. You block the endoplasm's attack.
You barely miss the adder. The adder barely misses you. The adder bites you.
The endoplasm freezes you.
You are frozen.
* * * LOW HITPOINT WARNING * * *
You barely miss the adder. You block the adder's attack.
The endoplasm hits you but does no damage.
The adder bites you but does no damage.
You closely miss the adder. The endoplasm freezes you.
You are frozen.
* * * LOW HITPOINT WARNING * * *
The adder bites you but does no damage.
You miss the adder. The adder bites you but does no damage.
The endoplasm freezes you.
You are frozen.
* * * LOW HITPOINT WARNING * * *
You block the adder's attack. The endoplasm barely misses you.
You sock the adder!
The adder is almost dead.
The adder barely misses you. The endoplasm hits you.
You die...

.####.......
........###. ##
####....# #. # #... #. #
.... #### . # ..#.##...#
.###### #
##8.>.8##.....# ..
#.....J.#.....# .#.
#.>.8.S@......# #.
#.......#.....#
##8.>.8##.....#
########...##..)...#
#####......#####.#######
...)..............##
###................#
#................#
#................#


You could see an adder and an endoplasm.

Vanquished Creatures
  Terence (D:2)
  A worm (D:2)
  A dart slug (D:1)
  4 orcs (D:2)
  2 ball pythons (D:2)
  5 bats (D:1)
  3 endoplasms
  2 hobgoblins
  A quokka (D:2)
  6 frilled lizards
  3 goblins
  2 kobolds
  2 rats (D:2)
33 creatures vanquished.

Vanquished Creatures (others)
  2 fungi (D:1)
  A plant (D:1)
3 creatures vanquished.

Grand Total: 36 creatures vanquished

Notes
Turn   | Place    | Note
-------+----------+-------------------------------------------
     0 | D:1      | cayde69 the Gargoyle Fighter began the quest for the Orb.
     0 | D:1      | Reached XP level 1. HP: 14/14 MP: 1/1
   301 | D:1      | Reached XP level 2. HP: 18/19 MP: 2/2
  1041 | D:1      | Found a faded altar of an unknown god.
  1046 | D:1      | Prayed at the altar of an unknown god.
  1046 | D:1      | Became a worshipper of Elyvilon the Healer
  1046 | D:1      | Reached * piety under Elyvilon
  1312 | D:2      | Reached XP level 3. HP: 22/23 MP: 3/3
  1618 | D:2      | Noticed Terence
  1625 | D:2      | Elyvilon protects you from harm!
  1626 | D:2      | Killed Terence
  1627 | D:2      | Reached XP level 4. HP: 9/29 MP: 4/4
  1884 | D:2      | HP: 1/29 [frozen (3)]
  1885 | D:2      | Slain by an endoplasm

Illustrated notes

Levels and vault maps discovered:
D:1:      minmay_arrival_widening_spiral_wide, layout_loops_ring,
          shapermc_ecumenical_altar_petra
D:2:      layout_rooms, minmay_misc_feat_enclosed, grunt_ministairs_7,
          wad_orctagon, uniq_natasha, uniq_terence

Action                   |  1- 3 |  4- 6 || total
-------------------------+-------+-------++-------
Melee: Flail             |   104 |    15 ||   119
  Use: Potion            |     1 |       ||     1
Armor: Scale mail        |    52 |     9 ||    61
Dodge: Dodged            |    53 |     6 ||    59
Block: Buckler           |    23 |     6 ||    29
